 Dungeon Crawl Stone Soup version 0.29.1-1-gd02db6906a (webtiles) character file.

Game seed: 6877699527794983735

127 porpoise the Trooper (level 5, -3/43 HPs)
             Began as a Formicid Abyssal Knight on Oct 20, 2022.
             Was a Priest of Lugonu.
             Slain by Grinder (6 damage)
             ... on level 4 of the Dungeon.
             The game lasted 00:07:07 (3270 turns).

porpoise the Trooper (Formicid Abyssal Knight)      Turns: 3270, Time: 00:07:08

Health: -3/43      AC:  4    Str: 20    XL:     5   Next: 33%
Magic:  6/6        EV: 11    Int:  9    God:    Lugonu [***...]
Gold:   258        SH:  0    Dex: 14    Spells: 4/4 levels left

rFire   . . .      SeeInvis +   a - +1 hand axe
rCold   . . .      Faith    .   (no shield)
rNeg    . . .      Spirit   .   b - +0 leather armour
rPois   .          Reflect  .   (helmet unavailable)
rElec   .          Harm     .   (no cloak)
rCorr   +          Rampage  .   g - +0 pair of gloves
Will    .....                   (no boots)
Stlth   +.........              (no amulet)
HPRegen 0.14/turn               m - ring of resist corrosion
MPRegen 0.10/turn               (no ring)

@: no status effects
A: permanent stasis, dig shafts and tunnels, antennae 3, four strong arms
a: Dig, Shaft Self, Renounce Religion, Depart the Abyss, Bend Space, Banish


You were on level 4 of the Dungeon.
You worshipped Lugonu.
Lugonu was most pleased with you.
You visited 1 branch of the dungeon, and saw 4 of its levels.
You visited the Abyss 1 time.

You collected 258 gold pieces.

Inventory:

Hand Weapons
 a - a +1 hand axe (weapon)
Missiles
 f - 2 poisoned darts
Armour
 b - a +0 leather armour (worn)
 g - a +0 pair of gloves (worn)
Jewellery
 m - a ring of resist corrosion (left hand)
Scrolls
 d - 4 scrolls of identify {unknown}
 e - 3 scrolls of teleportation {unknown}
 h - a scroll of amnesia {unknown}
 j - a scroll of vulnerability {unknown}
 k - a scroll of acquirement {unknown}
 l - 2 scrolls of magic mapping {unknown}
 n - 2 scrolls of poison {unknown}
 q - a scroll of immolation {unknown}
Potions
 c - a potion of lignification {unknown}
 i - 2 potions of attraction {unknown}
 o - a potion of experience {unknown}
 p - 2 potions of magic {unknown}
 r - 2 potions of curing {unknown}
 s - a potion of heal wounds {unknown}
 t - a potion of degeneration {unknown}


   Skills:
 + Level 4.4 Fighting
 * Level 4.3 Axes
 - Level 2.1 Armour
 - Level 0.8 Dodging
 - Level 2.1 Invocations


You had 4 spell levels left.
You didn't know any spells.
Your spell library contained the following spells:

 Spells                   Type           Power      Damage    Failure   Level
 Apportation              Tloc           0%         N/A       43%         1
 Gell's Gravitas          Tloc           0%         N/A       80%         3
 Teleport Other           Tloc           0%         N/A       80%         3
 Alistair's Intoxication  Tmut/Pois      0%         N/A       100%        5
 Dispersal                Tloc           0%         N/A       100%        6


Dungeon Overview and Level Annotations

Branches:
Dungeon (4/15)
 Temple: D:4-7

Altars:

Annotations:
D:4 Grinder


Innate Abilities, Weirdness & Mutations

You cannot be hasted, slowed, berserked, paralysed or teleported.
You can dig through walls and to a lower floor.
You have a pair of large antennae on your head. (SInv)
Your four strong arms can wield two-handed weapons with a shield.


Message History

An endoplasm comes into view.
You barely miss the hobgoblin.
An endoplasm comes into view.
The hobgoblin barely misses you.
You closely miss the hobgoblin. The hobgoblin closely misses you.
You closely miss the hobgoblin. The hobgoblin closely misses you.
You barely miss the hobgoblin. You slash the endoplasm!
You kill the endoplasm!
Lugonu accepts your kill. The hobgoblin barely misses you.
You hit the hobgoblin but do no damage. You hit the endoplasm.
You kill the endoplasm!
Lugonu accepts your kill. The hobgoblin barely misses you.
You hit Grinder but do no damage.
Grinder is lightly wounded.
You hit the hobgoblin but do no damage. Grinder hits you but does no damage.
The hobgoblin barely misses you.
You slash Grinder!
Grinder is moderately wounded.
You barely miss the hobgoblin. Grinder hits you.
You writhe in agony.
The hobgoblin hits you but does no damage.
You hit Grinder but do no damage.
Grinder is moderately wounded.
You barely miss the hobgoblin. Grinder hits you but does no damage.
The hobgoblin closely misses you. Grinder gestures at you.
Pain shoots through your body!
* * * LOW HITPOINT WARNING * * *
The hobgoblin hits you.
* * * LOW HITPOINT WARNING * * *
You barely miss Grinder.
Grinder is moderately wounded.
You hit the hobgoblin. Grinder misses you. The hobgoblin closely misses you.
You closely miss Grinder.
Grinder is moderately wounded.
You completely miss the hobgoblin. Grinder hits you!
* * * LOW HITPOINT WARNING * * *
You writhe in agony.
You die...

.......# #.# .......#
#.# ..†....# ####.#
....)..# #....# #......#
#....#
#......###....##########
#####..................?
######............$#
######.@###.. #g5......#
....#.....#
.....>..##..#
....!..#### .# ..####..
. #.. #..


You could see Grinder and a hobgoblin.

Vanquished Creatures
  5 adders
  A worm (D:2)
  A dart slug (D:4)
  An orc (D:3)
  10 ball pythons
  3 bats
  10 endoplasms
  2 giant cockroaches
  4 goblins
  8 hobgoblins
  2 jackals (D:1)
  3 kobolds (D:1)
  7 quokkas
  3 frilled lizards
  11 rats
71 creatures vanquished.

Notes
Turn   | Place    | Note
-------+----------+-------------------------------------------
     0 | Abyss:1  | porpoise the Formicid Abyssal Knight began the quest for
                  | the Orb.
     0 | Abyss:1  | Reached XP level 1. HP: 18/18 MP: 2/2
     1 | D:1      | Escaped the Abyss
   336 | D:1      | Reached XP level 2. HP: 21/24 MP: 3/3
   663 | D:1      | Reached XP level 3. HP: 25/30 MP: 4/4
  1314 | D:1      | Reached *** piety under Lugonu
  1326 | D:1      | Found a faded altar of an unknown god.
  1631 | D:2      | Reached XP level 4. HP: 22/37 MP: 5/5
  2772 | D:3      | Reached XP level 5. HP: 42/42 MP: 6/6
  3255 | D:4      | Noticed Grinder
  3270 | D:4      | Slain by Grinder

Illustrated notes

Levels and vault maps discovered:
D:1:      dpeg_arrival_oval, layout_basic, shapermc_ecumenical_altar_venn,
          minmay_nonomino_d4
D:2:      layout_basic, hangedman_decor_push, minmay_shallow_snake_nest
D:3:      layout_rooms, dreamdust_wishing_well
D:4:      layout_basic, uniq_grinder

Skill      XL: |  1  2  3  4 |
---------------+-------------+-----
Axes           | 3 4 |  4.3
Fighting       | 4 |  4.4
Armour         | |  2.1
Dodging        | |  0.8
Invocations    | |  2.1

Action                   |  1- 3 |  4- 6 || total
-------------------------+-------+-------++-------
Melee: Hand axe          |   104 |    87 ||   191
       Punch             |     3 |       ||     3
 Stab: Sleeping          |       |     1 ||     1
Armor: Leather armour    |    20 |    16 ||    36
Dodge: Dodged            |    54 |    45 ||    99
